 Dungeon Crawl Stone Soup version 0.31.0-32-g396128a36d (webtiles) character file.

Game seed: 4718046496198439100

229 AdnanSaban the Cudgeller (level 6, -1/38 HPs)
             Began as a Gargoyle Fighter on Apr 19, 2024.
             Slain by a wyvern (14 damage)
             ... on level 5 of the Dungeon.
             The game lasted 00:04:41 (4297 turns).

AdnanSaban the Cudgeller (Gargoyle Fighter)         Turns: 4297, Time: 00:04:42

Health: -1/38      AC: 12    Str: 21    XL:     6   Next: 3%
Magic:  6/6        EV:  9    Int:  9    God:
Gold:   238        SH:  4    Dex:  9    Spells: 5/5 levels left

rFire   . . .        a - +0 flail
rCold   . . .        c - +0 buckler
rNeg    + . .        b - +0 scale mail
rPois   ∞            (no helmet)
rElec   +            (no cloak)
rCorr   .            i - +0 pair of gloves
SInv    .            (no boots)
Will    .....        (no amulet) Stlth
                     (no ring)
HPRegen 0.26/turn    (no ring)
MPRegen 0.10/turn

%: no passive effects
@: no status effects
A: sickness immunity, AC +4, negative energy resistance 1, electricity
resistance, torment resistance 1, petrification resistance
a: no special abilities


You were on level 5 of the Dungeon.
You visited 1 branch of the dungeon, and saw 5 of its levels.

You collected 238 gold pieces.

Inventory:

Hand Weapons
 a - a +0 flail (weapon)
Missiles
 v - 6 curare-tipped darts
 y - 6 boomerangs (quivered)
Armour
 b - a +0 scale mail (worn)
 c - a +0 buckler (worn)
 i - a +0 pair of gloves (worn)
Jewellery
 m - a +6 ring of intelligence
Wands
 t - a wand of paralysis (8)
 C - a wand of flame (16)
Scrolls
 f - 3 scrolls of enchant armour {unknown}
 h - 4 scrolls of teleportation {unknown}
 j - a scroll of fear {unknown}
 n - a scroll of noise {unknown}
 o - 4 scrolls of immolation {unknown}
 p - 2 scrolls of amnesia {unknown}
 r - a scroll of blinking {unknown}
 s - a scroll of revelation {unknown}
 u - 3 scrolls of identify {unknown}
 x - 3 scrolls of fog {unknown}
Potions
 d - 2 potions of might
 e - 2 potions of curing {unknown}
 g - a potion of invisibility {unknown}
 k - a potion of lignification {unknown}
 l - a potion of resistance {unknown}
 q - a potion of berserk rage {unknown}
 w - a potion of degeneration {unknown}
 z - a potion of mutation {unknown}
 A - a potion of brilliance {unknown}
 B - a potion of haste {unknown}


   Skills:
 + Level 4.0 Fighting
 + Level 4.3 Maces & Flails
 + Level 0.1 Throwing
 + Level 4.2 Armour
 + Level 1.0 Dodging
 + Level 3.9 Shields


You had 5 spell levels left.
You didn't know any spells.
Your spell library was empty.

Dungeon Overview and Level Annotations

Branches:
Dungeon (5/15)
 Temple: D:4-7

Altars:
Vehumet
Yredelemnul


Innate Abilities, Weirdness & Mutations

You are immune to sickness and miasma.
Your stone body is resilient. (AC +4)
You are immune to poison.
You resist negative energy. (rN+)
You are resistant to electric shocks. (rElec)
You are resistant to unholy torment.
You are immune to petrification.


Message History

The wyvern is lightly wounded.
You throw a boomerang.
The boomerang hits the wyvern but does no damage.
The wyvern is lightly wounded.
The wyvern bites you but does no damage.
The wyvern bites you.
You barely miss the wyvern.
The wyvern is lightly wounded.
The wyvern barely misses you. You block the wyvern's attack.
You barely miss the wyvern.
The wyvern is lightly wounded.
The wyvern bites you but does no damage. x2
You closely miss the wyvern.
The wyvern is lightly wounded.
The wyvern bites you but does no damage.
You block the wyvern's attack.
You thump the wyvern!
The wyvern is moderately wounded.
The wyvern bites you. x2
You hit the wyvern.
The wyvern is heavily wounded.
The wyvern bites you!
You are too injured to fight recklessly!
You are too injured to fight recklessly!
You are too injured to fight recklessly!
You are too injured to fight recklessly!
You are too injured to fight recklessly!
You are too injured to fight recklessly!
You are too injured to fight recklessly!
You are too injured to fight recklessly!
You are too injured to fight recklessly!
You are too injured to fight recklessly!
You are too injured to fight recklessly!
You are too injured to fight recklessly!
You are too injured to fight recklessly!
You are too injured to fight recklessly!
You sock the wyvern!
The wyvern is severely wounded.
The wyvern bites you. The wyvern bites you!
You die...

#.. #.###########
#.#.......... ##
#.#...#######
...#########.#....<#####
...>.........'..........
.......###.#.#...#######
.......###.#.##### #
...[..k@...#.# #
...#..######.# # ....
..# .... ... ... ...# ..
.... . ...#.


You could see a wyvern.

Vanquished Creatures
  An orc priest (D:5)
  2 iguanas
  3 gnolls (D:3)
  An adder (D:5)
  A ribbon worm (D:2)
  2 dart slugs
  8 orcs
  7 endoplasms
  4 giant cockroaches
  10 hobgoblins
  8 jackals
  13 kobolds
  A quokka (D:1)
  7 ball pythons
  6 bats
  7 frilled lizards
  5 goblins
  3 rats
  A spectral orc (D:3)
90 creatures vanquished.

Notes
Turn   | Place    | Note
-------+----------+-------------------------------------------
     0 | D:1      | AdnanSaban the Gargoyle Fighter began the quest for the
                  | Orb.
     0 | D:1      | Reached XP level 1. HP: 14/14 MP: 1/1
   355 | D:1      | Reached XP level 2. HP: 15/19 MP: 2/2
   532 | D:1      | Reached XP level 3. HP: 18/23 MP: 3/3
  1046 | D:2      | Found a faded altar of an unknown god.
  1708 | D:3      | Reached XP level 4. HP: 28/28 MP: 4/4
  2107 | D:3      | Found a basalt altar of Yredelemnul.
  2107 | D:3      | Noticed a weeping skull
  2263 | D:3      | Found a radiant altar of Vehumet.
  2880 | D:4      | Reached XP level 5. HP: 30/33 MP: 5/5
  3100 | D:4      | Reached skill level 1 in Dodging
  3701 | D:5      | Entered Level 5 of the Dungeon
  4058 | D:5      | Reached XP level 6. HP: 11/38 MP: 6/6
  4288 | D:5      | Noticed a wyvern
  4297 | D:5      | Slain by a wyvern

Illustrated notes

Levels and vault maps discovered:
D:1:      dpeg_arrival_water_fire, layout_basic, minmay_parallelograms,
          minmay_heptomino_d4
D:2:      layout_loops_ring, hellmonk_ecumenical_altar_crossroads
D:3:      layout_loops_corners, yredelemnul_forgotten_temple_becter,
          nicolae_vehumet_radiance, kennysheep_generic_room_11
D:4:      layout_cave_pods
D:5:      layout_basic, minmay_temple_entry_nine_rooms,
          minmay_misc_feat_secret_circle, minmay_strange_pillars

Skill      XL: |  1  2  3  4  5 |
---------------+----------------+-----
Maces & Flails | 3 4 |  4.3
Armour         | 4 |  4.2
Dodging        | 1 |  1.0
Fighting       | 4 |  4.0
Throwing       | |  0.1
Shields        | |  3.9

Action                     |  1- 3 |  4- 6 || total
---------------------------+-------+-------++-------
  Melee: Flail             |   169 |   154 ||   323
  Throw: Boomerang         |       |     6 ||     6
 Armour: Scale mail        |   139 |   157 ||   296
  Dodge: Dodged            |   115 |    68 ||   183
  Block: Buckler           |    42 |    29 ||    71
